Workbook

Sheet Contratos
A1: NUMERO | B1: AÑO | C1: TIPO CONTRATO | D1: FECHA DE SUSCRIPCION | E1: VALOR | F1: DURACIÓN | G1: HONORARIOS | H1: FECHA INICIO | I1: FECHA FINAL | J1: OBJETO | K1: CONCEPTO COBRO | L1: IMPUTACION PRESUPUESTAL
A2: 2 | B2: 2018 | C2: Prestación Servicios Profesionales | D2: 43115 | E2: 66500000 | F2: 10 | G2: =E2/F2 -> 6650000 | H2: 43116 | I2: 43419 | J2: PRESTAR LOS SERVICIOS PROFESIONALES PARA APOYAR ELAREA DE GESTION DEL DESARROLLO-ADMINISTRATIVO Y FINANCIERO, EN LOS ASUNTOS RELACIONADOS CON EL DESARROLLO DE LA GESTION CONTRACTUAL PARA LA ADQUISICION DE RECURSOS, ASI COMO DE LOS ASUNTOS JURIDICOS REQUERIDOS EN EL DESARROLLO DE LA GESTION DEL FONDO DE DESARROLLO LOCAL, DESCRITOS POR LA SECRETARIA DISTRITAL DE GOBIERNO Y LAS NORMAS APLICABLES SOBRE LA MATERIA. SEGUN CONTRATO DE PRESTACION DE SERVICIOS PROFESIONALES 002 DE 2018 | L2: 03-03-01-15-07-45-1559-00
A3: 3 | B3: 2018 | C3: Prestación Servicios Profesionales | D3: 43117 | E3: 48000000 | F3: 10 | G3: =E3/F3 -> 4800000 | H3: 43117 | I3: 43420 | J3: PRESTAR LOS SERVICIOS PROFESIONALES PARA APOYAR ELAREA DE GESTION DEL DESARROLLO-ADMINISTRATIVO Y FINANCIERO, EN LOS ASUNTOS RELACIONADOS CON EL DESARROLLO DE LA GESTION CONTRACTUAL PARA LA ADQUISICION DE RECURSOS. SEGUN CONTRATO DE PRESTACION DE SERVICIOS PROFESIONALES N°003 DE 2018 | L3: 03-03-01-15-07-45-1559-00
A4: 4 | B4: 2018 | C4: Prestación Servicios Profesionales | D4: 43117 | E4: 73500000 | F4: 10 | G4: =E4/F4 -> 7350000 | H4: 43117 | I4: 43420 | J4: PRESTAR LOS SERVICIOS PROFESIONALES PARA APOYAR ELAREA DE GESTION DEL DESARROLLO-ADMINISTRATIVO Y FINANCIERO, EN LOS ASUNTOS RELACIONADOS CON EL DESARROLLO DE LA GESTION CONTRACTUAL PARA LA ADQUISICION DE RECURSOS, ASI COMO DE LOS ASUNTOS JURIDICOS REQUERIDOS EN EL DESARROLLO DE LA GESTION DEL FONDO DE DESARROLLO LOCAL, DESCRITOS POR LA SECRETARIA DISTRITAL DE GOBIERNO Y LAS NORMAS APLICABLES SOBRE LA MATERIA. SEGUN CONTRATO DE PRESTACION DE SERVICIOS PROFESIONALES N°004 DE 2018 | L4: 03-03-01-15-07-45-1559-00
A5: 5 | B5: 2018 | C5: Prestación Servicios Profesionales | D5: 43119 | E5: 49500000 | F5: 9 | G5: =E5/F5 -> 5500000 | H5: 43119 | I5: 43391 | J5: PRESTAR LOS SERVICIOS PROFESIONALES AL DESPACHO DEL ALCALDE LOCAL Y AL ÁREA DE GESTIÓN NORMATIVA Y POLICIVA, EN TEMAS DE SEGURIDAD, PREVENCIÓN Y CONVIVENCIA CIUDADANA EN LA LOCALIDAD, DE CONFORMIDAD CON EL MARCO NORMATIVO APLICABLE EN LA MATERIA. SEGUN CONTRATO DE PRESTACION DE SERVICIOS PROFESIONALES 005 DE 2018 | L5: 03-03-01-15-03-19-1563-00
A6: 6 | B6: 2018 | C6: Prestación Servicios Apoyo a la Gestion de la Entidad (servicios administrativos) | D6: 43122 | E6: 18000000 | F6: 9 | G6: =E6/F6 -> 2000000 | H6: 43124 | I6: 43396 | J6: PRESTAR CON PLENA AUTONOMÍA TÉCNICA, ADMINISTRATIVA Y FINANCIERA SUS SERVICIOS DE APOYO A LA GESTIÓN, PARA LA REVISIÓN, ORGANIZACIÓN, ACTUALIZACIÓN, TRANSFERENCIA Y DEMÁS ACTIVIDADES Y FUNCIONES RELACIONADAS CON EL ARCHIVO DE DOCUMENTOS DE LA ALCALDÍA LOCAL DE BARRIOS UNIDOS. SEGUN CONTRATO DE PRESTACION DE SERVICIOS DE APOYO A LA GESTION N°006 DE 2018 | L6: 03-03-01-15-07-45-1559-00
A7: 7 | B7: 2018 | C7: Prestación Servicios Profesionales | D7: 43125 | E7: 44550000 | F7: 9 | G7: =E7/F7 -> 4950000 | H7: 43129 | I7: 43462 | J7: PRESTAR SERVICIOS PROFESIONALES PARA APOYAR EL ÁREA DE GESTIÓN DEL DESARROLLO ADMINISTRATIVA Y FINANCIARA Y APOYAR EN LA SUPERVISIÓN DE CONTRATOS EN LOS ASUNTOS RELATIVOS A LA PLANEACIÓN LOCAL DE PROYECTOS DE INFRAESTRUCTURA DE ACUERDO A LAS LÍNEAS DE INVERSIÓN VIGENTES | L7: 03-03-01-15-02-17-1558-00
A8: 8 | B8: 2018 | C8: Prestación Servicios Profesionales | D8: 43122 | E8: 38700000 | F8: 9 | G8: =E8/F8 -> 4300000 | H8: 43123 | I8: 43395 | J8: APOYAR JURÍDICAMENTE LA EJECUCIÓN DE LAS ACCIONES REQUERIDAS PARA LA DEPURACIÓN DE LAS ACTUACIONES ADMINISTRATIVAS QUE CURSAN EN LA ALCALDÍA LOCAL. SEGUN CONTRATO DE PRESTACION DE SERVICIOS PROFESIONALES N°008 DE 2018 | L8: 03-03-01-15-07-45-1559-00
A9: 9 | B9: 2018 | C9: Prestación Servicios Profesionales | D9: 43122 | E9: 44550000 | F9: 9 | G9: =E9/F9 -> 4950000 | H9: 43124 | I9: 43396 | J9: APOYAR JURÍDICAMENTE LA EJECUCIÓN DE LAS ACCIONES REQUERIDAS PARA LA DEPURACIÓN DE LAS ACTUACIONES ADMINISTRATIVAS QUE CURSAN EN LA ALCALDÍA LOCAL. SEGUN CONTRATO DE PRESTACION DE SERVICIOS PROFESIONALES N°009 DE 2018 | L9: 03-03-01-15-07-45-1559-00
A10: 10 | B10: 2018 | C10: Prestación Servicios Profesionales | D10: 43122 | E10: 40500000 | F10: 9 | G10: =E10/F10 -> 4500000 | H10: 43123 | I10: 43395 | J10: APOYAR JURÍDICAMENTE LA EJECUCIÓN DE LAS ACCIONES REQUERIDAS PARA LA DEPURACIÓN DE LAS ACTUACIONES ADMINISTRATIVAS QUE CURSAN EN LA ALCALDÍA LOCAL. SEGUN CONTRATO DE PRESTACION DE SERVICIOS PROFESIONALES N°010 2018 | L10: 03-03-01-15-07-45-1559-00
A11: 11 | B11: 2018 | C11: Prestación Servicios Apoyo a la Gestion de la Entidad (servicios administrativos) | D11: 43126 | E11: 15400000 | F11: 7 | G11: =E11/F11 -> 2200000 | H11: 43126 | I11: 43337 | J11: PRESTAR SERVICIOS DE APOYO A LA GESTIÓN, PARA LA REVISIÓN, ORGANIZACIÓN, ACTUALIZACIÓN, TRANSFERENCIA Y DEMÁS ACTIVIDADES Y FUNCIONES RELACIONADAS CON EL ARCHIVO DE DOCUMENTOS DE LA ALCALDÍA LOCAL DE BARRIOS UNIDOS. | L11: 03-03-01-15-07-45-1559-00
A12: 12 | B12: 2018 | C12: Prestación Servicios Apoyo a la Gestion de la Entidad (servicios administrativos) | D12: 43126 | E12: 15400000 | F12: 7 | G12: =E12/F12 -> 2200000 | H12: 43126 | I12: 43337 | J12: PRESTAR SERVICIOS DE APOYO A LA GESTIÓN, PARA LA REVISIÓN, ORGANIZACIÓN, ACTUALIZACIÓN, TRANSFERENCIA Y DEMÁS ACTIVIDADES Y FUNCIONES RELACIONADAS CON EL ARCHIVO DE DOCUMENTOS DE LA ALCALDÍA LOCAL DE BARRIOS UNIDOS. SEGUN CONTRATO DE PRESTACION DE SERVICIOS DE APOYO A LA GESTION N°012 DE 2018 | L12: 03-03-01-15-07-45-1559-00
A13: 13 | B13: 2018 | C13: Prestación Servicios Profesionales | D13: 43122 | E13: 62400000 | F13: 260 | G13: =E13/F13 -> 240000 | H13: 43124 | I13: 43396 | J13: PRESTAR LOS SERVICIOS PROFESIONALES PARA APOYAR EL ÁREA DE GESTIÓN DEL DESARROLLO ¿ ADMINISTRATIVO Y FINANCIERO, EN LOS ASUNTOS RELACIONADOS CON EL DESARROLLO DE LA GESTIÓN CONTRACTUAL PARA LA ADQUISICIÓN DE RECURSOS, ASÍ COMO DE LOS OTROS ASUNTOS JURÍDICOS REQUERIDOS EN EL DESARROLLO DE LA GESTIÓN DEL FONDO DE DESARROLLO LOCAL, DESCRITOS POR LA SECRETARÍA DISTRITAL DE GOBIERNO Y LAS NORMAS APLICABLES SOBRE LA MATERIA. SEGUN CONTRATO DE PRESTACION DE SERVICIOS PROFESIONALES N°013 DE 2018 | L13: 03-03-01-15-07-45-1559-00
... A81: 81 | B81: 2018 | C81: Prestación Servicios Apoyo a la Gestion de la Entidad (servicios administrativos) | D81: 43126 | E81: 25600000 | F81: 8 | G81: =E81/F81 -> 3200000 | H81: 43129 | I81: 43371 | J81: APOYAR EN LAS LABORES DE LA DEPENDENCIA AL CONTADOR (A) DEL FONDO DE DESARROLLO LOCAL DE BARRIOS UNIDOS (FDLBU) EN LOS TRAMITES, MANEJO CONTABLE Y DE ARCHIVO EN FORMA PERMANENTE EN EL DESARROLLO DEL PROCESO DE CONSOLIDACIÓN DE INFORMACIÓN DEL SISTEMA CONTABLE Y FINANCIERO. SEGUN CONTRATO DE PRESTACION DE SERVICIOS DE APOYO A LA GESTION N°081 DE 2018 | L81: 03-03-01-15-07-45-1559-00
B82: 2018 | G82: =E82/F82 -> #DIV/0!
B83: 2018 | G83: =E83/F83 -> #DIV/0!
B84: 2018 | G84: =E84/F84 -> #DIV/0!
B85: 2018 | G85: =E85/F85 -> #DIV/0!
B86: 2018 | G86: =E86/F86 -> #DIV/0!
B87: 2018 | G87: =E87/F87 -> #DIV/0!
B88: 2018 | G88: =E88/F88 -> #DIV/0!
B89: 2018 | G89: =E89/F89 -> #DIV/0!
B90: 2018 | G90: =E90/F90 -> #DIV/0!
B91: 2018 | G91: =E91/F91 -> #DIV/0!
B92: 2018 | G92: =E92/F92 -> #DIV/0!
B93: 2018 | G93: =E93/F93 -> #DIV/0!
... B100: 2018 | G100: =E100/F100 -> #DIV/0!

Sheet Supervisores
A1: CONTRATO | C1: NOMBRE | D1: VINCULACION | E1: IDENTIFICACION | F1: LUGAR DE EXPEDICION
A2: 2 | C2: Maria Magdalena Polanco Echeverry | D2: CONTRATISTA | E2: 43259788 | F2: Medellin
A3: 3 | C3: Maria Magdalena Polanco Echeverry | D3: CONTRATISTA | E3: 43259788 | F3: Medellin
A4: 4 | C4: Margith Vanessa Murgas Rodriguez | D4: CONTRATISTA | E4: 1121297814 | F4: hatonuevo, la Guajira
A5: 5 | B5: Gustavo Alonso Niño Furnieles | E5: 1098669457 | F5: Bucaramanga
A6: 6 | C6: Maria Magdalena Polanco Echeverry | D6: CONTRATISTA | E6: 43259788 | F6: Medellin
A7: 7 | C7: Carlos Jesús Correa Forero | D7: CONTRATISTA | E7: 79625666 | F7: Bogotá D.C.
A8: 8 | C8: Leonardo Alfonso Moya Guaje | D8: CONTRATISTA | E8: 1032379593 | F8: Bogotá D.C.
A9: 9 | C9: Leonardo Alfonso Moya Guaje | D9: CONTRATISTA | E9: 1032379593 | F9: Bogotá D.C.
A10: 10 | C10: Leonardo Alfonso Moya Guaje | D10: CONTRATISTA | E10: 1032379593 | F10: Bogotá D.C.
A11: 11 | C11: Yolanda Ballesteros Ballesteros | D11: FUNCIONARIO | E11: 35402161 | F11: Zipaquirá
A12: 12 | C12: Yolanda Ballesteros Ballesteros | D12: FUNCIONARIO | E12: 35402161 | F12: Zipaquirá
A13: 13 | C13: Maria Magdalena Polanco Echeverry | D13: CONTRATISTA | E13: 43259788 | F13: Medellin
A14: 14 | C14: Monica María Navarrete Cruz | D14: CONTRATISTA | E14: 52897368 | F14: Bogotá D.C.
A15: 15 | C15: Leonardo Alfonso Moya Guaje | D15: CONTRATISTA | E15: 79888734 | F15: Bogotá D.C.
A16: 16 | C16: Roman Eduardo Albornoz Barreto | D16: FUNCIONARIO | E16: 79860623 | F16: Bogotá D.C.
A17: 17 | B17: Gustavo Alonso Niño Furnieles | E17: 1098669457 | F17: Bucaramanga
A18: 18 | C18: Maria Magdalena Polanco Echeverry | D18: CONTRATISTA | E18: 43259788 | F18: Medellin
A19: 19 | B19: Gustavo Alonso Niño Furnieles | E19: 1098669457 | F19: Bucaramanga
A20: 20 | C20: Yolanda Ballesteros Ballesteros | D20: FUNCIONARIO | E20: 35402161 | F20: Zipaquirá
A21: 21 | C21: Jaime Martínez Suescún | D21: FUNCIONARIO | E21: 1037438 | F21: Chiscas
A22: 22 | C22: Martha Mercedes Chicué Amézquita | D22: FUNCIONARIO | E22: 51804966 | F22: Bogotá D.C.
A23: 23 | C23: Carlos Andrés Bernal Parra | D23: FUNCIONARIO | E23: 79888734 | F23: Bogotá D.C.
A24: 24 | C24: Carlos Andrés Bernal Parra | D24: FUNCIONARIO | E24: 79888734 | F24: Bogotá D.C.
A25: 25 | C25: Carlos Andrés Bernal Parra | D25: FUNCIONARIO | E25: 79888734 | F25: Bogotá D.C.
A26: 26 | C26: Yolanda Ballesteros Ballesteros | D26: FUNCIONARIO | E26: 35402161 | F26: Zipaquirá
A27: 27 | C27: Leonardo Alfonso Moya Guaje | D27: CONTRATISTA | E27: 1032379593 | F27: Bogotá D.C.
A28: 28 | C28: Yolanda Ballesteros Ballesteros | D28: FUNCIONARIO | E28: 35402161 | F28: Zipaquirá
A29: 29 | C29: Leonardo Alfonso Moya Guaje | D29: CONTRATISTA | E29: 1032379593 | F29: Bogotá D.C.
A30: 30 | C30: Leonardo Alfonso Moya Guaje | D30: CONTRATISTA | E30: 1032379593 | F30: Bogotá D.C.
A31: 31 | C31: Roman Eduardo Albornoz Barreto | D31: FUNCIONARIO | E31: 79860623 | F31: Bogotá D.C.
... A43: 43 | C43: Yolanda Ballesteros Ballesteros | D43: FUNCIONARIO | E43: 35402161 | F43: Zipaquirá
A44: 44 | B44: Gustavo Alonso Niño Furnieles | E44: 1098669457 | F44: Bucaramanga
A45: 45 | B45: Gustavo Alonso Niño Furnieles | E45: 1098669457 | F45: Bucaramanga
A46: 46 | C46: Renee Mauricio Quimbay Barrera | D46: CONTRATISTA | E46: 79876655 | F46: Bogotá D.C.
A47: 47 | C47: Renee Mauricio Quimbay Barrera | D47: CONTRATISTA | E47: 79876655 | F47: Bogotá D.C.
A48: 48 | C48: Carlos Jesús Correa Forero | D48: CONTRATISTA | E48: 79625666 | F48: Bogotá D.C.
A49: 49 | C49: Renee Mauricio Quimbay Barrera | D49: CONTRATISTA | E49: 79876655 | F49: Bogotá D.C.
A50: 50 | C50: Jenny Cristina Bohorquez Vargas | D50: FUNCIONARIO | E50: 51970113 | F50: Bogotá D.C.
A51: 51 | C51: Renee Mauricio Quimbay Barrera | D51: CONTRATISTA | E51: 79876655 | F51: Bogotá D.C.
A52: 52 | B52: Gustavo Alonso Niño Furnieles | E52: 1098669457 | F52: Bucaramanga
A53: 53 | B53: Gustavo Alonso Niño Furnieles | E53: 1098669457 | F53: Bucaramanga
A54: 54 | C54: Renee Mauricio Quimbay Barrera | D54: CONTRATISTA | E54: 79876655 | F54: Bogotá D.C.
A55: 55 | C55: Renee Mauricio Quimbay Barrera | D55: CONTRATISTA | E55: 79876655 | F55: Bogotá D.C.
A56: 56 | C56: Renee Mauricio Quimbay Barrera | D56: CONTRATISTA | E56: 79876655 | F56: Bogotá D.C.
A57: 57 | C57: Roman Eduardo Albornoz Barreto | D57: FUNCIONARIO | E57: 79860623 | F57: Bogotá D.C.
A58: 58 | C58: Yolanda Ballesteros Ballesteros | D58: FUNCIONARIO | E58: 35402161 | F58: Zipaquirá
A59: 59 | C59: Renee Mauricio Quimbay Barrera | D59: CONTRATISTA | E59: 79876655 | F59: Bogotá D.C.
A60: 60 | C60: Renee Mauricio Quimbay Barrera | D60: CONTRATISTA | E60: 79876655 | F60: Bogotá D.C.
A61: 61 | C61: Renee Mauricio Quimbay Barrera | D61: CONTRATISTA | E61: 79876655 | F61: Bogotá D.C.
A62: 62 | C62: Renee Mauricio Quimbay Barrera | D62: CONTRATISTA | E62: 79876655 | F62: Bogotá D.C.
A63: 63 | C63: Renee Mauricio Quimbay Barrera | D63: CONTRATISTA | E63: 79876655 | F63: Bogotá D.C.
A64: 64 | C64: Roman Eduardo Albornoz Barreto | D64: FUNCIONARIO | E64: 79860623 | F64: Bogotá D.C.
A65: 65 | C65: Renee Mauricio Quimbay Barrera | D65: CONTRATISTA | E65: 79876655 | F65: Bogotá D.C.
A66: 66 | B66: Gustavo Alonso Niño Furnieles | E66: 1098669457 | F66: Bucaramanga
A67: 67 | C67: Roman Eduardo Albornoz Barreto | D67: FUNCIONARIO | E67: 35402161 | F67: Zipaquirá
A68: 68 | C68: Renee Mauricio Quimbay Barrera | D68: CONTRATISTA | E68: 79876655 | F68: Bogotá D.C.
A69: 69 | C69: Renee Mauricio Quimbay Barrera | D69: CONTRATISTA | E69: 79876655 | F69: Bogotá D.C.
A70: 70 | C70: Renee Mauricio Quimbay Barrera | D70: CONTRATISTA | E70: 79876655 | F70: Bogotá D.C.
A71: 71 | B71: Gustavo Alonso Niño Furnieles | E71: 1098669457 | F71: Bucaramanga
A72: 72 | C72: Roman Eduardo Albornoz Barreto | D72: FUNCIONARIO | E72: 79860623 | F72: Bogotá D.C.
A73: 73 | C73: Jairo Vela González | D73: FUNCIONARIO | E73: 19475710 | F73: Bogotá D.C.
A74: 74 | C74: Roman Eduardo Albornoz Barreto | D74: FUNCIONARIO | E74: 79860623 | F74: Bogotá D.C.
A75: 75 | C75: Renee Mauricio Quimbay Barrera | D75: CONTRATISTA | E75: 79876655 | F75: Bogotá D.C.
A76: 76 | C76: Roman Eduardo Albornoz Barreto | D76: FUNCIONARIO | E76: 79860623 | F76: Bogotá D.C.
A77: 77 | C77: Dickson Eduard Ramírez lópez | D77: FUNCIONARIO | E77: 80066211 | F77: Bogotá D.C.
A78: 78 | C78: Leonardo Alfonso Moya Guaje | D78: CONTRATISTA | E78: 1032379593 | F78: Bucaramanga
A79: 79 | C79: Renee Mauricio Quimbay Barrera | D79: CONTRATISTA | E79: 79876655 | F79: Bogotá D.C.
A80: 80 | C80: Renee Mauricio Quimbay Barrera | D80: CONTRATISTA | E80: 79876655 | F80: Bogotá D.C.
A81: 81 | C81: Olga Lucia Tamayo Tamayo | D81: FUNCIONARIO | E81: 41747748 | F81: Bogotá D.C.

Sheet Usuarios
A1: CONTRATO | B1: NOMBRE | C1: IDENTIFICACION | D1: LUGAR DE EXPEDICION | E1: FECHA DE EXPEDICION | F1: FECHA DE NACIMIENTO | G1: TELEFONO | H1: DIRECCION | I1: BANCO | J1: CUENTA | K1: TIPO CUENTA
A2: 2 | B2: JUAN SEBASTIAN VELASCO SUAREZ | C2: 1032440111 | D2: BOGOTA DC | E2: 39770 | F2: 33192 | G2: 3104807172 | H2: CALLE 149 Nro. 45-63 | I2: DAVIVIENDA | J2: 0550006000936820 | K2: Ahorros
A3: 3 | B3: LUISA FERNANDA VELASCO LIZARAZO | C3: 1030552280 | D3: BOGOTA DC | E3: 39098 | F3: 32521 | G3: 3138186906 | H3: CARRERA 73 A Nro. 3-30 | I3: COLPATRIA | J3: 4762014127 | K3: Ahorros
A4: 4 | B4: MARIA MAGDALENA POLANCO ECHEVERRY | C4: 43259788 | D4: MEDELLIN | E4: 36840 | F4: 30217 | G4: 3016202668 | H4: CARRERA 21 Nro. 145A -30 | I4: DAVIVIENDA | J4: 009200750116 | K4: Ahorros
A5: 5 | B5: IVAN RAMIRO MARTINEZ GUZMAN | C5: 72152335 | D5: BARRANQUILLA | E5: 31639 | F5: 24917 | G5: 2258580 | H5: CALLE 79 Nro. 62-45 | I5: BANCOLOMBIA | J5: 02091548138 | K5: Ahorros
A6: 6 | B6: LUZ MYRIAM PEÑA SANCHEZ | C6: 41778154 | D6: BOGOTA DC | E6: 28481 | F6: 21155 | G6: 4766840 | H6: CALLE 152 F Nro. 133-56 | I6: BANCO CAJA SOCIAL | J6: 24068281111 | K6: Ahorros
A7: 7 | B7: TATIANA GOMEZ NISPERUZA | C7: 1013598280 | D7: BOGOTA DC | E7: 38940 | F7: 32363 | G7: 3102256746 | H7: CARRERA 30 Nro. 58 A 19 | I7: BANCOLOMBIA | J7: 14163705762 | K7: Ahorros
A8: 8 | B8: HERNAN DAVID OVALLE BRICEÑO | C8: 80126559 | D8: BOGOTA DC | E8: 36651 | F8: 30062 | G8: 8017301 | H8: CARRERA 54 Nro. 64 A - 75 | I8: DAVIVIENDA | J8: 006800836592 | K8: Ahorros
A9: 9 | B9: CARLOS ANDRES MERIZALDE RUSINQUE | C9: 80761043 | D9: BOGOTA DC | E9: 37032 | F9: 30445 | G9: 3173011149 | H9: DIAGONAL 3A Nro. 1-10 Este | I9: DAVIVIENDA | J9: 0570009270437750 | K9: Ahorros
A10: 10 | B10: SANDRA MARINA GUTIERREZ FLOREZ | C10: 52196889 | D10: BOGOTA DC | E10: 34638 | F10: 27541 | G10: 3102582863 | H10: CARRERA 56 Nro. 167-29 | I10: BANCOLOMBIA | J10: 26224042964 | K10: Ahorros
A11: 11 | B11: DIEGO ANDRES SORA CORTES | C11: 80246449 | D11: BOGOTA DC | E11: 37148 | F11: 30534 | G11: 3167758909 | H11: CALLE 86D Nro. 110-64 | I11: DAVIVIENDA | J11: 0570007271047479 | K11: Ahorros
A12: 12 | B12: MANUEL ARTURO MATEUS CARO | C12: 7300621 | D12: CHIQUINQUIRA | E12: 27776 | F12: 20084 | G12: 3108595241 | H12: CALLE 75A Nro. 29-06 | I12: BANCO CAJA SOCIAL | J12: 24068002255 | K12: Ahorros
A13: 13 | B13: JOSE MAURICIO BARRAGAN MORENO | C13: 80188474 | D13: BOGOTA DC | E13: 37265 | F13: 30681 | G13: 3145855578 | H13: CALLE 74A Nro. 94-08 | I13: BANCOLOMBIA | J13: 20755811187 | K13: Ahorros
A14: 14 | B14: LINA MARIA PAEZ BOGOYA | C14: 1026250874 | D14: BOGOTA DC | E14: 38092 | F14: 31295 | G14: 3208115485 | H14: CARRERA 29B Nro. 70-60 | I14: BANCO CAJA SOCIAL | J14: 24071273697 | K14: Ahorros
A15: 15 | B15: CINTYA ALEXANDRA GAMEZ PARRA | C15: 1100959714 | D15: SAN GIL | E15: 40099 | F15: 33494 | G15: 3172671963 | H15: CARRERA 66A Nro. 67D-30 | I15: BANCO CAJA SOCIAL | J15: 24048405300 | K15: Ahorros
A16: 16 | B16: MONICA MARIA NAVARRETE CRUZ | C16: 52897368 | D16: BOGOTA DC | E16: 36600 | F16: 29904 | G16: 3102855826 | H16: CARRERA 90A Nro. 76A-18 | I16: BANCOLOMBIA | J16: 64451259758 | K16: Ahorros
A17: 17 | B17: WILLINGTON ORTIZ ALARCON | C17: 7321025 | D17: CHIQUINQUIRA | E17: 37781 | F17: 31195 | G17: 3118338716 | H17: CARRERA 120 A Nro. 77-60 | I17: BANCOLOMBIA | J17: 58952922228 | K17: Ahorros
A18: 18 | B18: SEBASTIAN GARCES RESTREPO | C18: 80111338 | D18: BOGOTA DC | E18: 37201 | F18: 30590 | G18: 3024294146 | H18: CARRERA 16A Nro. 86A -57 | I18: COLPATRIA | J18: 4482013672 | K18: Ahorros
... A81: 81 | B81: PEDRO JESUS SANCHEZ MOLINA | C81: 19346335 | D81: BOGOTA DC | E81: 28277 | F81: 21549 | G81: 3144379428 | H81: DIAGONAL 86A Nro. 103D-73 | I81: BANCOLOMBIA | J81: 03233793379 | K81: Ahorros

Sheet Calculos
B1: FECHA RADICACION | C1: PERIODO ENTRE | D1: Y | E1: DIAS | F1: VALOR CONTRATO | G1: VALOR MES | H1: DIA | J1: DIFERENCIA CON VALOR TOTAL | K1: DIA | L1: MES | M1: AÑO | N1: FECHA CERTIFICACION | O1: DIA CERTIFICADO | P1: MES CERTIFICACION | Q1: AÑO CERTIFICACION
A2: 1 | B2: 43141 | C2: =VLOOKUP(Generador!B4,Contratos!A2:J100,8,0) -> 43129 | D2: 43140 | E2: =D2-C2 -> 11 | F2: =VLOOKUP(Generador!B4,Contratos!A2:J100,5,0) -> 31500000 | G2: =VLOOKUP(Generador!B4,Contratos!A2:J100,7,0) -> 4500000 | H2: =G2/30 -> 150000 | I2: =H2*E2 -> 1650000 | J2: =F2-I2 -> 29850000 | K2: =DAY(B2) -> 10 | L2: =UPPER((TEXT(B2,"mmmm"))) -> FEBRERO | M2: =TEXT(B2,"yyyy") -> 2018 | N2: 43143 | O2: =DAY(N2) -> 12 | P2: =UPPER((TEXT(N2,"mmmm"))) -> FEBRERO | Q2: =TEXT(N2,"yyyy") -> 2018
A3: 2 | B3: 43169 | C3: =D2+1 -> 43141 | D3: =EDATE(C3,1)-1 -> 43168 | E3: 30 | I3: =$H$2*E3 -> 4500000 | J3: =J2-I3 -> 25350000 | K3: =DAY(B3) -> 10 | L3: =UPPER((TEXT(B3,"mmmm"))) -> MARZO | M3: =TEXT(B3,"yyyy") -> 2018 | N3: 43171 | O3: =DAY(N3) -> 12 | P3: =UPPER((TEXT(N3,"mmmm"))) -> MARZO | Q3: =TEXT(N3,"yyyy") -> 2018
A4: 3 | B4: 43200 | C4: =D3+1 -> 43169 | D4: =EDATE(C4,1)-1 -> 43199 | E4: 30 | I4: =$H$2*E4 -> 4500000 | J4: =J3-I4 -> 20850000 | K4: =DAY(B4) -> 10 | L4: =UPPER((TEXT(B4,"mmmm"))) -> ABRIL | M4: =TEXT(B4,"yyyy") -> 2018 | N4: 43201 | O4: =DAY(N4) -> 11 | P4: =UPPER((TEXT(N4,"mmmm"))) -> ABRIL | Q4: =TEXT(N4,"yyyy") -> 2018
A5: 4 | B5: 43230 | C5: =D4+1 -> 43200 | D5: =EDATE(C5,1)-1 -> 43229 | E5: 30 | I5: =$H$2*E5 -> 4500000 | J5: =J4-I5 -> 16350000 | K5: =DAY(B5) -> 10 | L5: =UPPER((TEXT(B5,"mmmm"))) -> MAYO | M5: =TEXT(B5,"yyyy") -> 2018 | N5: 43231 | O5: =DAY(N5) -> 11 | P5: =UPPER((TEXT(N5,"mmmm"))) -> MAYO | Q5: =TEXT(N5,"yyyy") -> 2018
A6: 5 | B6: 43261 | C6: =D5+1 -> 43230 | D6: =EDATE(C6,1)-1 -> 43260 | E6: 30 | I6: =$H$2*E6 -> 4500000 | J6: =J5-I6 -> 11850000 | K6: =DAY(B6) -> 10 | L6: =UPPER((TEXT(B6,"mmmm"))) -> JUNIO | M6: =TEXT(B6,"yyyy") -> 2018 | N6: 43262 | O6: =DAY(N6) -> 11 | P6: =UPPER((TEXT(N6,"mmmm"))) -> JUNIO | Q6: =TEXT(N6,"yyyy") -> 2018
A7: 6 | B7: 43291 | C7: =D6+1 -> 43261 | D7: =EDATE(C7,1)-1 -> 43290 | E7: 30 | I7: =$H$2*E7 -> 4500000 | J7: =J6-I7 -> 7350000 | K7: =DAY(B7) -> 10 | L7: =UPPER((TEXT(B7,"mmmm"))) -> JULIO | M7: =TEXT(B7,"yyyy") -> 2018 | N7: 43292 | O7: =DAY(N7) -> 11 | P7: =UPPER((TEXT(N7,"mmmm"))) -> JULIO | Q7: =TEXT(N7,"yyyy") -> 2018
A8: 7 | B8: 43322 | C8: =D7+1 -> 43291 | D8: =EDATE(C8,1)-1 -> 43321 | E8: 30 | I8: =$H$2*E8 -> 4500000 | J8: =J7-I8 -> 2850000 | K8: =DAY(B8) -> 10 | L8: =UPPER((TEXT(B8,"mmmm"))) -> AGOSTO | M8: =TEXT(B8,"yyyy") -> 2018 | N8: 43325 | O8: =DAY(N8) -> 13 | P8: =UPPER((TEXT(N8,"mmmm"))) -> AGOSTO | Q8: =TEXT(N8,"yyyy") -> 2018
A9: 8 | B9: 43353 | C9: =D8+1 -> 43322 | D9: =EDATE(C9,1)-1 -> 43352 | E9: 30 | I9: =$H$2*E9 -> 4500000 | J9: =J8-I9 -> -1650000 | K9: =DAY(B9) -> 10 | L9: =UPPER((TEXT(B9,"mmmm"))) -> SEPTIEMBRE | M9: =TEXT(B9,"yyyy") -> 2018 | N9: 43354 | O9: =DAY(N9) -> 11 | P9: =UPPER((TEXT(N9,"mmmm"))) -> SEPTIEMBRE | Q9: =TEXT(N9,"yyyy") -> 2018
A10: 9 | B10: 43383 | C10: =D9+1 -> 43353 | D10: =EDATE(C10,1)-1 -> 43382 | E10: 30 | I10: =$H$2*E10 -> 4500000 | J10: =J9-I10 -> -6150000 | K10: =DAY(B10) -> 10 | L10: =UPPER((TEXT(B10,"mmmm"))) -> OCTUBRE | M10: =TEXT(B10,"yyyy") -> 2018 | N10: 43384 | O10: =DAY(N10) -> 11 | P10: =UPPER((TEXT(N10,"mmmm"))) -> OCTUBRE | Q10: =TEXT(N10,"yyyy") -> 2018
A11: 10 | B11: 43414 | C11: =D10+1 -> 43383 | D11: =VLOOKUP(Generador!B4,Contratos!A2:J100,9,0) -> 43340 | E11: =(D11-C11)+1 -> -42 | I11: =H2*E11 -> -6300000 | J11: =J10-I11 -> 150000 | K11: =DAY(B11) -> 10 | L11: =UPPER((TEXT(B11,"mmmm"))) -> NOVIEMBRE | M11: =TEXT(B11,"yyyy") -> 2018 | N11: 43416 | O11: =DAY(N11) -> 12 | P11: =UPPER((TEXT(N11,"mmmm"))) -> NOVIEMBRE | Q11: =TEXT(N11,"yyyy") -> 2018

Sheet Generador
A3: NO CUENTA DE COBRO | B3: 7
A4: NUMERO DE CONTRATO | B4: 42
A5: No PAGO | B5: 7
A6: PLANILLA 1 | B6: 8481060950
A7: FECHA PAGO PLANILLA 1 | B7: 43290
A8: PERIODO | B8: 43282
A9: IBC COTIZACION | B9: 1800000
A10: PLANILLA 2 | B10: 8482103788
A11: FECHA PAGO PLANILLA 2 | B11: 43321
A12: PERIODO | B12: 43313
A13: IBC COTIZACION | B13: 1800000
A14: CONCEPTO COBRADO | B14: CONTRATO DE PRESTACION DE SERVICIOS

Sheet Cuenta Cobro
B1: Documento de Cobro de Servicios prestados por personas naturales no comerciantes inscritas en el regimen simplificado (Art 3 decreto 522 de 2003) y Certificación de cumplimiento de requisitos de acuerdo con lo establecido en el parágrafo primero del Artículo 4 del Decreto 2271 de 2009, en el artículo 50 de la Ley 789 de 2002, en la Ley 828 de 2003 y ley 1819 de 2016.
C5: Ciudad y Fecha | I5: Bogotá | K5: 10 de agosto de 2018 | O5: Documento No | Q5: =Generador!B3 -> 7
C8: Yo | D8: =VLOOKUP(Generador!B4,Usuarios!A2:K98,2,0) -> LINA MARIA ORTIZ CORTAZAR | N8: identificado como aparece al pie de mi firma,
C9: me permito manifestar bajo la gravedad del juramento que de conformidad con los art. 383, 388 y 330 del Estatuto Tributario mis ingresos se encuentran clasificados de acuerdo con la determinacion cedular informada a continuación:
B12: 2 | C12: SI | G12: NO | I12: X | J12: Soy declarante de renta por el año gravable 2017
B14: 2 | C14: SI | D14: X | G14: NO | J14: Pertenecen a rentas de trabajo
B16: 2 | C16: SI | G16: NO | I16: X | J16: he contratato o vinculado dos (2) o más trabajadores asociados a esta actividad
C19: EL FONDO DE DESARROLLO LOCAL DE BARRIOS UNIDOS
C20: NIT 899.999.061-9
C21: Calle 74A # 63-04 Teléfono 2258580
C22: DEBE A:
C24: =VLOOKUP(Generador!B4,Usuarios!A2:K98,2,0) -> LINA MARIA ORTIZ CORTAZAR | O24: C.C. | P24: =VLOOKUP(Generador!B4,Usuarios!A2:K98,3,0) -> 1032376529
C25: Por Concepto de: | I25: =Generador!B14 -> CONTRATO DE PRESTACION DE SERVICIOS
C26: Periodo compendido entre: | J26: =VLOOKUP(Generador!B5,Calculos!A2:J21,3,0) -> 43291 | N26: y | O26: =VLOOKUP(Generador!B5,Calculos!A2:J21,4,0) -> 43321
C27: La suma de : | G27: 4500000
C28: Tipo de Contrato | I28: Prestacion de servicios | M28: Número | N28: =CONCATENATE(VLOOKUP(Generador!B4,Contratos!A2:J100,1,0),VLOOKUP(Generador!B4,Contratos!A2:K100,2,0)) -> 422018 | O28: Pago No | P28: =Generador!B5 -> 7 | Q28: DE | R28: =VLOOKUP(Generador!B4,Contratos!A1:K100,6,0) -> 7
C29: Planilla Pago de seguridad Social No | K29: =Generador!B6 -> 8481060950 | N29: y | P29: =Generador!B10 -> 8482103788
C30: Periodo de pago | K30: =CONCATENATE(Generador!B8," ","2018") -> 43282 2018 | N30: y | P30: =CONCATENATE(Generador!B12," ","2018") -> 43313 2018
C31: Fecha de pago | K31: =Generador!B7 -> 43290 | N31: y | P31: =Generador!B11 -> 43321
C32: Ingreso Base de Cotización | K32: =Generador!B9 -> 1800000 | N32: y | P32: =Generador!B13 -> 1800000
C33: IBC SEGÚN VALOR COBRADO | N33: =(G27*40)/100 -> 1800000
C34: Favor Consignar en: | H34: Banco: | J34: =VLOOKUP(Generador!B4,Usuarios!A2:K98,9,0) -> BBVA | M34: Cuenta | N34: Ahorros | O34: No | P34: =VLOOKUP(Generador!B4,Usuarios!A2:K98,10,0) -> 00130996000200013553
C37: =CONCATENATE("Conozco la responsabilidad que implica jurar en falso de conformidad con el Código Penal y Certifico bajo la gravedad del ","juramento que los documentos soportes del pago de aportes obligatorios al sistema de seguridad social en salud y ARL, corresponde a los ingresos provenientes del contrato de prestación de servicios "," ",N28," ","Celebrado con EL FONDO DE DESARROLLO LOCAL BARRIOS UNIDOS materia del pago sujeto a retención. De igual manera certifico que todo lo declarado anteriormente es verdadero ","y se puede comprobar en cualquier momento para lo cual otorgo las autorizaciones correspondientes.") -> Conozco la responsabilidad que implica jurar en falso de conformidad con el Código Penal y Certifico bajo la gravedad del juramento que los documentos soportes del pago de aportes obligatorios al sistema de seguridad social en salud y ARL, corresponde a los ingresos provenientes del contrato de prestación de servicios 422018 Celebrado con EL FONDO DE DESARROLLO LOCAL BARRIOS UNIDOS materia del pago sujeto a retención. De igual manera certifico que todo lo declarado anteriormente es verdadero y se puede comprobar en cualquier momento para lo cual otorgo las autorizaciones correspondientes.
C43: =CONCATENATE("DIRECCION: ", VLOOKUP(Generador!B4,Usuarios!A2:K98,8,0)) -> DIRECCION: CALLE 27 A Nro. 32A-19 | N43: =CONCATENATE("TELEFONO: ",VLOOKUP(Generador!B4,Usuarios!A2:K98,7,0)) -> TELEFONO: 3144625836

Sheet Certificación Cumplimiento
B6: CERTIFICACIÓN DE CUMPLIMIENTO (Personal Natural)
B8: =CONCATENATE("Teniendo en cuenta el informe presentado por el(a) contratista ",VLOOKUP(Generador!B4,Usuarios!A1:K98,2,0), " sobre las actividades desarrolladas para dar cumplimiento a los terminos contratados y los resultados obtenidos, una vez realizada la revisión del informe, se autoriza el pago correspondiente. ") -> Teniendo en cuenta el informe presentado por el(a) contratista LINA MARIA ORTIZ CORTAZAR sobre las actividades desarrolladas para dar cumplimiento a los terminos contratados y los resultados obtenidos, una vez realizada la revisión del informe, se autoriza el pago correspondiente.
B10: al periodo comprendido entre el dia: | D10: =VLOOKUP(Generador!B5,Calculos!A2:J21,3,0) -> 43291 | F10: y | G10: =VLOOKUP(Generador!B5,Calculos!A2:J21,4,0) -> 43321
B12: Contrato: | D12: =CONCATENATE(VLOOKUP(Generador!B4,Contratos!A2:K100,1,0),VLOOKUP(Generador!B4,Contratos!A1:K100,2,0)) -> 422018
B13: Tipo de Contrato: | D13: =VLOOKUP(Generador!B4,Contratos!A1:K100,3,0) -> Prestación Servicios Profesionales
B14: Contratista: | D14: =VLOOKUP(Generador!B4,Usuarios!A1:K98,2,0) -> LINA MARIA ORTIZ CORTAZAR
B15: Cédula o NIT | D15: =VLOOKUP(Generador!B4,Usuarios!A1:K98,3,0) -> 1032376529
B16: Objeto: | D16: =VLOOKUP(Generador!B4,Contratos!A1:K100,10,0) -> APOYAR JURÍDICAMENTE LA EJECUCIÓN DE LAS ACCIONES REQUERIDAS PARA LA DEPURACIÓN DE LAS ACTUACIONES ADMINISTRATIVAS QUE CURSAN EN LA ALCALDÍA LOCAL. SEGUN CONTRATO DE PRESTACION DE SERVICIOS PROFESIONALES N°042 DE 2018
B17: Plazo del contrato | D17: =VLOOKUP(Generador!B4,Contratos!A1:K100,6,0) -> 7
B18: Fecha Iniciación: | D18: =VLOOKUP(Generador!B4,Contratos!A1:K100,8,0) -> 43129
B19: Fecha de Terminación: | D19: =VLOOKUP(Generador!B4,Contratos!A1:K100,9,0) -> 43340
B20: Prórroga(s) | D20: SIN PRORROGA
B21: Valor Inicial Pactado: | D21: =VLOOKUP(Generador!B4,Contratos!A1:K100,5,0) -> 31500000
B22: Valor Adicional: | D22: SIN ADICION
B23: Valor a Pagar: | D23: =VLOOKUP(Generador!B4,Contratos!A1:K100,7,0) -> 4500000 | G23: =CONCATENATE(Generador!B5," "," pago") -> 7 pago
B24: Numero de PIN: | D24: 8481060950 | E24: y | F24: =Generador!B10 -> 8482103788
B25: Periodo Cotizado: | D25: 43282 | E25: y | F25: 43313
B27: Se verificó que el contratista cumplió con la obligacion de efectuar los aportes al Sistema Integral de Seguridad Social, de conformidad con lo dispuesto en el artículo 23 del Decreto 1703 de 2002, Ley 828 de 2003 y demas normas concordantes.
B28: En constancia se firma a los 10 dias del mes de agosto de 2018
B31: Interventor o Supervisor,
B36: _______________________ | E36: ____________________________
B37: Diego Alejandro Rios Barrero | E37: =VLOOKUP(Generador!B4,Supervisores!A2:L98,3,0) -> Yolanda Ballesteros Ballesteros
B38: Alcalde Local Barrios Unidos (E ) | E38: =VLOOKUP(Generador!B4,Supervisores!A2:L98,4,0) -> FUNCIONARIO
A39: GCO-GCL-F045 Versión: 01 Vigencia: 17 de noviembre de 2017 Ajustado de acuerdo a Circular 16 del 1 de noviembre de 2017. Página 1 de 1
A44: Calle 74 A No. 63 – 04 Tel. 6602759 Información Línea 195 www.barriosunidos.gov.co

Sheet Informe de Actividades Pagina 1
C1: GESTIÓN Y ADQUISICIÓN DE RECURSOS
C2: FORMATO INFORME DE ACTIVIDADES PARA TODO TIPO DE CONTRATOS
C3: PERIODO: | E3: =VLOOKUP(Generador!B5,Calculos!A2:J21,3,0) -> 43291 | G3: AL | H3: =VLOOKUP(Generador!B5,Calculos!A2:J21,4,0) -> 43321
A4: DATOS BÁSICOS DEL CONTRATO
A6: TIPO DE CONTRATO | E6: =VLOOKUP(Generador!B4,Contratos!A1:K100,3,0) -> Prestación Servicios Profesionales
A7: No. CONTRATO Y FECHA | E7: =CONCATENATE(VLOOKUP(Generador!B4,Contratos!A2:J100,1,0),VLOOKUP(Generador!B4,Contratos!A2:K100,2,0)) -> 422018 | G7: =VLOOKUP(Generador!B4,Contratos!A1:K100,4,0) -> 43126
A9: NOMBRE DEL CONTRATISTA | E9: =VLOOKUP(Generador!B4,Usuarios!A2:K98,2,0) -> LINA MARIA ORTIZ CORTAZAR
A11: No. IDENTIFICACION | E11: =VLOOKUP(Generador!B4,Usuarios!A2:K98,3,0) -> 1032376529
A13: TELEFONO DE CONTACTO | E13: =VLOOKUP(Generador!B4,Usuarios!A2:K98,7,0) -> 3144625836
A15: DIRECCION | E15: =CONCATENATE(VLOOKUP(Generador!B4,Usuarios!A2:K98,8,0)) -> CALLE 27 A Nro. 32A-19
A17: PLAZO DE EJECUCION | E17: =VLOOKUP(Generador!B4,Contratos!A1:K100,6,0) -> 7
A19: VALOR | E19: $ 31,500,000
A21: No. DEL PROYECTO (IMPUTACIÓN PRESUPUESTAL) | E21: =VLOOKUP(Generador!B4,Contratos!A2:L100,12,0) -> 03-03-01-15-07-45-1559-00
A23: FECHA ACTA DE INICIO | E23: =VLOOKUP(Generador!B4,Contratos!A1:K100,8,0) -> 43129
A25: PRÓRROGA | E25: NO APLICA
A27: ADICIÓN | E27: NO APLICA
A29: SUSPENSIÓN | E29: NO APLICA
A31: FECHA PREVISTA DE TERMINACIÓN (INCLUYENDO PRÓRROGAS Y SUSPENSIONES) | E31: =VLOOKUP(Generador!B4,Contratos!A1:K100,9,0) -> 43340
A33: OBJETO DEL CONTRATO | E33: =VLOOKUP(Generador!B4,Contratos!A1:K100,10,0) -> APOYAR JURÍDICAMENTE LA EJECUCIÓN DE LAS ACCIONES REQUERIDAS PARA LA DEPURACIÓN DE LAS ACTUACIONES ADMINISTRATIVAS QUE CURSAN EN LA ALCALDÍA LOCAL. SEGUN CONTRATO DE PRESTACION DE SERVICIOS PROFESIONALES N°042 DE 2018

Sheet Informe de Actividades Pagina 2
A1: DESARROLLO DEL INFORME
A2: Nota: Incluya los campos necesarios de acuerdo a esto.
A3: OBLIGACIONES ESPECÍFICAS:
A4: OBLIGACIÓN ESPECIFICA 1: Realizar de manera permanente y simultanea junto con el cumplimiento de las demás obligaciones un diagnóstico en el que se revisen jurídicamente los expedientes, una vez sean asignados; emitiendo el respectivo concepto de acuerdo con el análisis realizado, para establecer su estado y la actuación jurídica a seguir informe con la naturaleza del proceso sancionatorio
A7: ACTIVIDADES DESARROLLADAS | K7: PRODUCTOS | U7: MEDIO DE VERIFICACIÓN
A8: 1 | B8: SE HA VENIDO ACTUALIZANDO DE FORMA SIMULTANEA CON LA CONSULTA DE LOS EXPEDIENTES | K8: DIAGNOSTICO | U8: BASE DE DATOS ACTUALIZADA ENVIADA AL CORREO ELECTRONICO PERSONAL DE LA DRA YOLANDA BALLESTEROS
A10: OBLIGACIÓN ESPECIFICA 2: Proyectar un mínimo de diez (10) actos administrativosmensuales conforme con la normatividad vigente, que permitan decidir, depurar y dar cierre a los trámites procesales represados y presentarlos al Supervisor del contrato o a quien designe como apoyo a la supervisión del Área Gestión Policiva de la Alcaldía Local, para su revisión y de acuerdo al plan de acción suscrito. El Supervisor del contrato y/o el apoyo a la supervisión deberá definir al inicio de la ejecución contractual en el Plan de Acción
A13: ACTIVIDADES DESARROLLADAS | K13: PRODUCTOS | U13: MEDIO DE VERIFICACIÓN
A14: 1 | B14: SE PROYECTO RESPUESTA CONSEJO DE BOGOTA | K14: ACTUACIONES POLICIVAS EN MATERIA DE TURISMO | U14: ORFEO No. 20186230005223
A15: 2 | B15: SE PROYECTO RESOLUCION DE ARCHIVO | K15: RESOLUCION DE ARCHIVO | U15: EXP. 168/2011
A16: 3 | B16: SE PROYECTO RESOLUCION DE ARCHIVO | K16: RESOLUCION | U16: EXPEDIENTE No. 214 DE 2011
A17: 4 | B17: SE PROYECTO RESOLUCION DE ARCHIVO | K17: RESOLUCION | U17: EXPEDIENTE No. 131 DE 1998
A18: 5 | B18: SE PROYECTO RESOLUCION DE ARCHIVO | K18: RESOLUCION DE ARCHIVO | U18: EXPEDIENTE 183 DE 2014
A19: 6 | B19: SE PROYECTO RESOLUCION DE ARCHIVO | K19: RESOLUCION | U19: EXPEDIENTE 143 DE 2012
A20: 7 | B20: SE PROYECTO RESOLUCION DE ARCHIVO | K20: RESOLUCION | U20: EXPEDIENTE No. 045 DE 2013
A21: 8 | B21: SE PROYECTA RESOLUCION DE CIERRE DEFINITIVO | K21: RESOLUCION | U21: EXPEDIENTE 9768 DE 2015
A22: 9 | B22: SE PROYECTO FORMULACION DE CARGOS | K22: RESOLUCION | U22: EXPEDIENTE 143 DE 2012
A23: 10 | B23: SE PROYECTO RESOLUCION DE ARCHIVO | K23: RESOLUCION | U23: EXPEDIENTE 004-2001
A24: OBLIGACIÓN ESPECIFICA 3: Analizar y determinar los expedientes asignados con el fin de evitar que se presente la caducidad y/o prescripción y/o pérdida de fuerza de ejecutoria del acto administrativo y la pérdida de competencia en materia de recursos
A25: ACTIVIDADES DESARROLLADAS | K25: PRODUCTOS | U25: MEDIO DE VERIFICACIÓN
A26: 1 | B26: ESTUDIO DE LOS EXPEDIENTES ASIGNADOS PARA DETERMINAR EL ESTADO DE CADA UNO VERIFICANDO TERMINOS | K26: ESTUDIO | U26: BASE DE DATOS ACTUALIZADA ENVIADA AL CORREO ELECTRONICO PERSONAL DE LA DRA YOLANDA BALLESTEROS
A27: OBLIGACIÓN ESPECIFICA 4: Adelantar los impulsos procesales a las actuaciones administrativas adelantadas en la Alcaldía Local por infracciones a la Ley 232 de1995, indebida ocupación del espacio público e infracciones urbanísticas (Ley 810 de 2003), de acuerdo al plan de acción suscrito.
A28: ACTIVIDADES DESARROLLADAS | K28: PRODUCTOS | U28: MEDIO DE VERIFICACIÓN
A29: 1 | B29: OFICIO | K29: RESPUESTA DERECHO DE PETICION | U29: ORFEO No. 20186230120351 EXP. 4763/2007
A30: 2 | B30: OFICIO | K30: RESPUESTA DERECHO DE PETICION | U30: ORFEO No. 201862330136781 EXP. 1640/2005
A31: 3 | B31: OFICIO | K31: RESPUESTA DERECHO DE PETICION | U31: ORFEO No. 20186230136821 EXP. 853 /04
A32: 4 | B32: OFICIO | K32: RESPUESTA DERECHO DE PETICION | U32: ORFEO No. 20186230136931 EXP. 043/2004
A33: 5 | B33: MEMORANDO | K33: RESPUESTA DERECHO DE PETICION | U33: ORFEO No. 20186230133181
A34: 6 | B34: OFICIO | K34: RESPUESTA DERECHO DE PETICION | U34: ORFEO No. 2018623116521
A35: 7 | B35: OFICIO | K35: SOLICITUD REIMPOSICION DE SELLOS | U35: expe 118/2012 ORFEO No. 20186230083861
A36: 8 | B36: OFICIO | K36: RESPUESTA DERECHO DE PETICION | U36: ORFEO No. 200186230004423
A37: 9 | B37: OFICIO | K37: OFICIO HOSPITAL DE CHAPINERO | U37: ORFEO No. 20186230133191
A38: 10 | B38: OFICIO | K38: OFICIO SECRETARIA DE AMBIENTE | U38: ORFEO No. 20186230135571
A39: 11 | B39: OFICIO | K39: MEMORANDO | U39: ORFEO No. 20186230005103
A40: 12 | B40: OFICIO | K40: RESPUESTA DERECHO DE PETICION | U40: ORFEO No. 20186230134671
... A54: 28 | B54: OFICIO | K54: OFICIO EXP 046/2006 | U54: ORFEO No. 20186230056731
A55: OBLIGACIÓN ESPECIFICA 5: Proyectar los documentos de respuesta a los derechos de petición, acciones de tutela, acciones populares o requerimientos de los entes de control según reparto asignado, dentro del término establecido y haciendo uso de los sistemas de información dispuestos para tal fin.
A56: ACTIVIDADES DESARROLLADAS | K56: PRODUCTOS | U56: MEDIO DE VERIFICACIÓN
A57: 1 | B57: RESPUESTA DERECHO DE PETICION A LA PERSONERIA LOCAL DE BARRIOS UNIDOS | K57: RESPUESTA DERECHO DE PETICION A LA PERSONERIA LOCAL DE BARRIOS UNIDOS | U57: ORFEO No. 2018623036771 exp 349-2008
A58: 2 | B58: RESPUESTA DERECHO DE PETICION A LA PERSONERIA LOCAL DE BARRIOS UNIDOS | K58: RESPUESTA DERECHO DE PETICION A LA PERSONERIA LOCAL DE BARRIOS UNIDOS | U58: ORFEO No. 20186210057232 exp 349-2008
A59: OBLIGACIÓN ESPECIFICA 6: Actualizar la base de datos institucional aplicativo misional SI ACTUA respecto de cada una de las actuaciones que adelante, de lo cual deberá quedar constancia en el informe de actividades de cada mes.
A60: ACTIVIDADES DESARROLLADAS | K60: PRODUCTOS | U60: MEDIO DE VERIFICACIÓN
A61: 1 | B61: A LA FECHA NO SE CUENTA CON LA HERRAMIENTA | K61: A LA FECHA NO SE CUENTA CON LA HERRAMIENTA | U61: PENDIENTE DE LA CREACION DE USUARIO EN EL APLICATIVO HOLA
A62: OBLIGACIÓN ESPECIFICA 7: Apoyar en la organización y asistirla realización de operativos diurnos y/o nocturnos programados por el Área de Gestión Policiva de la Alcaldía Local para el respectivo periodo Llevar los registros, archivos y controles necesarios para brindar información oportuna y confiable respecto a los asuntos a cargo.
A63: ACTIVIDADES DESARROLLADAS | K63: PRODUCTOS | U63: MEDIO DE VERIFICACIÓN
A64: 1 | B64: VISITA DE VERIFICACION | K64: PARQUEADERO CALLE 66 CARRERA 22 | U64: ACTA DE VISITA
A65: 2 | B65: VISITA DE VERIFICACION | K65: SIN RAZON SOCIAL CALLE 27B # 63 A -18 | U65: ACTA DE VISITA
A66: 3 | B66: VISITA DE VERIFICACION | K66: MANTENIMIENTO AUTOMOTRIZ CARRERA 87 # 70a -02 | U66: ACTA DE VISITA
A67: 4 | B67: VISITA DE VERIFICACION | K67: WELCOME OZ CALLE 74 # 20-37 | U67: ACTA DE VISITA
A68: 5 | B68: VISITA DE VERIFICACION | K68: CARRERA 28 # 63G-30 | U68: ACTA DE VISITA
A69: 6 | B69: VIISTA DE VERIFICAION | K69: MOTOR BIJE J.W CARRERA 27 # 63A -70 | U69: ACTA DE VISITA
A70: 7 | B70: VISITA DE VERIFICACION | K70: CALLE 75 # 65B-26 | U70: ACTA DE VISITA
A71: 8 | B71: VISITA DE VERIFICACION | K71: FERREPINTURAS CARRERA 20A # 72-34 | U71: ACTA DE VISITA
A72: 9 | B72: VISITA DE VERIFICACION | K72: BARRILITO BAR | U72: ACTA DE VISITA
A73: 10 | B73: VISITA DE VERIFICACION | K73: FERRELECTRICOS CALLE 72 # 20A -12 | U73: ACTA DE VISITA
A74: 11 | B74: VISITA DE VERIFICACION | K74: LAB QUIMICOS BTA AV CARACAS # 73-07 | U74: ACTA DE VISITA
A75: 12 | B75: VISITA DE VERIFICACION | K75: CASA QUIMICOS LTDA CALLE 73 # 20-51 | U75: ACTA DE VISITA
... A89: 26 | B89: VISITA DE VERIFICACION | K89: EROS MOTEL CALLE 64 # 14-46 | U89: ACTA DE VISITA
A90: OBLIGACIÓN ESPECIFICA 8: Asistir a las reuniones y/o actividades a las que sea citado o designado, para la atención de los asuntos relacionados con el objeto contractual
A91: ACTIVIDADES DESARROLLADAS | K91: PRODUCTOS | U91: MEDIO DE VERIFICACIÓN
A92: 1 | B92: OPERATIVO | K92: OPERATIVO DE MOTELES HOSTALES Y RESIDENCIAS 30 DE JULIO DE 2018 | U92: ACTA DE VISITA
A93: 2 | B93: OPERATIVO | K93: OPERATIVO DE ESTABLECIMIENTOS EXPENDEDORES DE ACIDOS 18 DE JULIODE 2018 | U93: ACTA DE VISITA
A94: 3 | B94: OPERATIVO | K94: OPERATIVO DE PERSONERIA | U94: ACTA DE VISITA
A95: 4 | B95: OPERATIVO | K95: OPERATIVO DE PARQUEADEROS 31/07/2018 | U95: ACTA DE VISITA
A96: OBLIGACIÓN ESPECIFICA 9. Llevar los registros, archivos y controles necesarios para brindar información oportuna y confiable respecto a los asuntos a cargo
A97: ACTIVIDADES DESARROLLADAS | K97: PRODUCTOS | U97: MEDIO DE VERIFICACIÓN
A98: 1 | B98: REALIZACION DE ACTUALIZACION FOLIACION Y ARCHIVO DE EXPEDIENTES. | K98: ARCHIVO DE CORRESPONDENCIA | U98: 20166210042142-20186230102341-20186230092921-20186210051132-20186230077361
A99: OBLIGACIÓN ESPECIFICA 10.:Incluir en el informe de actividades mensual un resumen ejecutivo en el que se expliquen las razones legales por las cuales no fue posible realizar el archivo de los expedientes asignados
A100: ACTIVIDADES DESARROLLADAS | K100: PRODUCTOS | U100: MEDIO DE VERIFICACIÓN
A101: 1 | B101: REVISION Y PROYECCION DE ACTUACION ADMINISTRATIVA | K101: ACTUACION ADMINISTRATIVA | U101: EXPEDIENTE 004 DE 2001
A102: 2 | B102: REVISION Y PROYECCION DE ACTUACION ADMINISTRATIVA | K102: ACTUACION ADMINISTRATIVA | U102: EXPEDIENTE 045 DE 2013
A103: 3 | B103: REVISION Y PROYECCION DE ACTUACION ADMINISTRATIVA | K103: ACTUACION ADMINISTRATIVA | U103: EXPEDIENTE 064 DE 2012
A104: 4 | B104: REVISION Y PROYECCION DE ACTUACION ADMINISTRATIVA | K104: ACTUACION ADMINISTRATIVA | U104: EXPEDIENTE 143 DE 2012
A105: 5 | B105: REVISION Y PROYECCION DE ACTUACION ADMINISTRATIVA | K105: ACTUACION ADMINISTRATIVA | U105: EXPEDIENTE 167 DE 2008
A106: 6 | B106: REVISION Y PROYECCION DE ACTUACION ADMINISTRATIVA | K106: ACTUACION ADMINISTRATIVA | U106: EXPEDIENTE 25 DE 2008
A107: 7 | B107: REVISION Y PROYECCION DE ACTUACION ADMINISTRATIVA | K107: ACTUACION ADMINISTRATIVA | U107: EXPEDIENTE 168 DE 2011
A108: 8 | B108: REVISION Y PROYECCION DE ACTUACION ADMINISTRATIVA | K108: ACTUACION ADMINISTRATIVA | U108: EXPEDIENTE 214 DE 2011
A109: 9 | B109: REVISION Y PROYECCION DE ACTUACION ADMINISTRATIVA | K109: ACTUACION ADMINISTRATIVA | U109: EXPEDIENTE 324 DE 2012
A110: 10 | B110: REVISION Y PROYECCION DE ACTUACION ADMINISTRATIVA | K110: ACTUACION ADMINISTRATIVA | U110: EXPEDIENTE 085 DE 2009
A111: 11 | B111: REVISION Y PROYECCION DE ACTUACION ADMINISTRATIVA | K111: ACTUACION ADMINISTRATIVA | U111: EXPEDIENTE 126 DE 2009
A112: 12 | B112: REVISION Y PROYECCION DE ACTUACION ADMINISTRATIVA | K112: ACTUACION ADMINISTRATIVA | U112: EXPEDIENTE 143 DE 2012
... A117: 17 | B117: REVISION Y PROYECCION DE ACTUACION ADMINISTRATIVA | K117: ACTUACION ADMINISTRATIVA | U117: EXPEDIENTE 365 DE 2013
B118: OBLIGACIÓN ESPECIFICA 11.Atender jurídicamente a los ciudadanos respecto de los asuntos encomendados a su trámite y/o los que se manejen en el área cuando el supervisor o su apoyo se lo indique
A119: 1 | B119: ACTIVIDAD | K119: PRODUCTOS | U119: MEDIO DE VERIFICACIÓN
B120: ATENCION A CIUDADANOS QUEJOSOS INFORMANDO ESTADO ACTUAL Y TRAMITE SIGUIENTE
A121: OBLIGACIÓN ESPECIFICA 12.Las demás que se le asignen y que surjan de la naturaleza del Contrato
A122: 1 | B122: ACTIVIDADES DESARROLLADAS | K122: PRODUCTOS | U122: MEDIO DE VERIFICACIÓN
B123: SIN ASIGNAR | K123: SIN ASIGNAR | U123: SIN ASIGNAR
A124: El contratista CUMPLIO con las obligaciones generales para el periodo reportado en el presente informe. | M124: SI
M125: X

Sheet Informe de Actividades Pagina 3
A1: DECLARACIÓN DEL CONTRATISTA: Manifiesto que he cumplido con las obligaciones derivadas del contrato y que las actividades mencionadas en el presente informe corresponden a las labores efectivamente desarrolladas en el periodo indicado, declarando que seré responsable por las afirmaciones contenidas en el presente documento, que sirve como soporte para certificar el cumplimiento del objeto del contrato.
A5: DECLARACIÓN DEL SUPERVISOR Y/O INTERVENTOR: Manifiesto que el/la contratista ha cumplido a la fecha con las obligaciones establecidas en el contrato. Las obligaciones verificadas se ejecutaron en el tiempo programado, modo, lugar y condiciones técnicas establecidas en el contrato.
A10: CONSIGNACIÓN CUENTA BANCARIA | M10: BANCO: | X10: =VLOOKUP(Generador!B4,Usuarios!A2:K98,9,0) -> BBVA
M11: No. DE CUENTA: | X11: =VLOOKUP(Generador!B4,Usuarios!A2:K98,10,0) -> 00130996000200013553
M12: TIPO DE CUENTA: | X12: AHORROS
A13: FIRMA CONTRATISTA | M13: =VLOOKUP(Generador!B4,Usuarios!A2:K98,2,0) -> LINA MARIA ORTIZ CORTAZAR
A15: FIRMA INTERVENTOR Y/O SUPERVISOR | G15: NOMBRE | M15: Diego Alejandro Rios Barrero
G17: CARGO VINCULACIÓN | M17: Alcalde Local de Barrios Unidos ( E )
A19: FIRMA PROFESIONAL DE APOYO (SI APLICA) | G19: NOMBRE | M19: Yolanda Ballesteros Ballesteros
G21: CARGO VINCULACIÓN O No. DEL CPS | M21: FUNCIONARIO
